 Dungeon Crawl Stone Soup version 0.31-a0-948-gf5be29c462 (webtiles) character file.

Game seed: 1748581585639956351

270 gruber the Digger (level 6, -8/32 HPs)
             Began as a Deep Elf Earth Elementalist on Oct 21, 2023.
             Mangled by a kobold brigand
             ... wielding a +0 dagger
              (9 damage)
             ... on level 4 of the Dungeon.
             The game lasted 00:02:47 (2997 turns).

gruber the Digger (Deep Elf Earth Elementalist)     Turns: 2997, Time: 00:02:47

Health: -8/32      AC:  3    Str:  5    XL:     6   Next: 1%
Magic:  9/12       EV: 12    Int: 22    God:
Gold:   177        SH:  0    Dex: 15    Spells: 7/11 levels left

rFire   . . .        o - +3 short sword (venom)
rCold   . . .        (no shield)
rNeg    . . .        a - +0 robe
rPois   .            (no helmet)
rElec   .            (no cloak)
rCorr   .            q - +0 pair of gloves
SInv    .            (no boots)
Will    .....        (no amulet)
Stlth   ++           (no ring)
HPRegen 0.25/turn    (no ring)
MPRegen 0.13/turn

%: no passive effects
@: lethally poisoned (-8 -> -23), very slightly contaminated, slowed, very slow
A: no striking features
a: no special abilities


You were on level 4 of the Dungeon.
You visited 1 branch of the dungeon, and saw 5 of its levels.

You collected 177 gold pieces.

Inventory:

Hand Weapons
 o - a +3 short sword of venom (weapon)
Armour
 a - a +0 robe (worn)
 q - a +0 pair of gloves (worn)
Wands
 j - a wand of polymorph (7)
Scrolls
 e - 4 scrolls of identify {unknown}
 f - 2 scrolls of enchant weapon {unknown}
 g - 3 scrolls of teleportation {unknown}
 h - a scroll of vulnerability {unknown}
 m - a scroll of revelation {unknown}
 n - a scroll of blinking {unknown}
Potions
 b - 2 potions of magic
 c - a potion of degeneration {unknown}
 d - 3 potions of curing {unknown}
 i - a potion of brilliance {unknown}
 k - 2 potions of invisibility {unknown}
 l - a potion of attraction {unknown}
 p - 2 potions of heal wounds {unknown}


   Skills:
 - Level 2.4 Dodging
 - Level 2.4 Stealth
 - Level 3.0 Spellcasting
 - Level 1.1 Transmutations
 + Level 7.4 Earth Magic


You had 7 spell levels left.
You knew the following spells:

 Your Spells              Type           Power      Damage    Failure   Level
a - Sandblast             Erth           72%        2d16      1%          1
b - Stone Arrow           Conj/Erth      38%        3d9       9%          3

Your spell library contained the following spells:

 Spells                   Type           Power      Damage    Failure   Level
 Passwall                 Tmut/Erth      18%        N/A       3%          2
 Apportation              Tloc           6%         N/A       12%         1
 Necrotise                Necr           12%        1d4       12%         1
 Summon Small Mammal      Summ           12%        N/A       12%         1
 Lesser Beckoning         Tloc           6%         N/A       19%         2
 Petrify                  Tmut/Erth      22%        N/A       22%         4
 Brom's Barrelling Bould  Conj/Erth      19%        2d4       26%         4
 Gell's Gravitas          Tloc           3%         N/A       36%         3
 Teleport Other           Tloc           3%         N/A       36%         3


Dungeon Overview and Level Annotations

Branches:
Dungeon (5/15)
 Temple: D:4-7

Altars:
Gozag


Message History

A kobold comes into view. It is wielding a +0 club.
A kobold is nearby!
A kobold is nearby!
The blast of sand hits the kobold!
You kill the kobold!
You can't see any susceptible monsters within range! (Use Z to cast anyway.)
Found a leather armour.
A kobold brigand comes into view.
It is wielding a +0 dagger and quivering curare-tipped darts.
A kobold brigand is nearby!
Found a purple potion.
The kobold brigand shouts!
Things that are here:
a +0 club; a kobold corpse The blast of sand hits the kobold brigand!
The kobold brigand is moderately wounded.
The kobold brigand throws a curare-tipped dart.
The curare-tipped dart hits you.
You are poisoned.
You have difficulty breathing.
You feel yourself slow down.
You miscast Sandblast.
You are very lightly contaminated with residual magic.
Nothing appears to happen.
You feel very sick.
The kobold brigand throws a curare-tipped dart.
The curare-tipped dart hits you.
You are lethally poisoned!
You have difficulty breathing.
You feel as though you will be slow longer.
Unknown command.
Casting: Sandblast (safe; 1% risk of failure)
Confirm with . or Enter, or press ? or * to list all spells.
Aiming: Sandblast (safe; 1% risk of failure)
Press: ? - help, Shift-Dir - straight line, f/p - kobold brigand
Aim: a kobold brigand, wielding a +0 dagger and quivering curare-tipped darts (moderately wounded, 80% to hit)
The blast of sand hits the kobold brigand.
The kobold brigand is heavily wounded.
* * * LOW HITPOINT WARNING * * *
You feel extremely sick.
The kobold brigand hits you with a +0 dagger!
You die...

##.######## #.# #... .
#.# #..# .# # #.# #..#
. .. #.# #..#.#..# #.#
#..#... #.# #....
##.#########.######...
#............)@K....!.
##.#########.######.##
### #.# #.# #.# #[#
#.# #.#


You could see a kobold brigand.

Vanquished Creatures
  A scorpion (D:5)
  Terence (D:3)
  Natasha (thrice) (D:2)
  3 adders
  2 dart slugs
  5 orcs
  4 endoplasms
  6 giant cockroaches
  8 hobgoblins
  9 jackals (D:1)
  2 quokkas (D:3)
  5 ball pythons (D:3)
  5 bats
  4 frilled lizards (D:1)
  7 goblins
  5 kobolds
  4 rats
74 creatures vanquished.

Notes
Turn   | Place    | Note
-------+----------+-------------------------------------------
     0 | D:1      | gruber the Deep Elf Earth Elementalist began the quest for
                  | the Orb.
     0 | D:1      | Reached XP level 1. HP: 10/10 MP: 6/6
   339 | D:1      | Reached skill level 4 in Earth Magic
   339 | D:1      | Reached XP level 2. HP: 15/15 MP: 6/8
   691 | D:1      | Reached XP level 3. HP: 19/19 MP: 7/9
  1104 | D:2      | Noticed Natasha
  1107 | D:2      | Killed Natasha
  1108 | D:2      | Reached skill level 5 in Earth Magic
  1292 | D:2      | Noticed Natasha
  1296 | D:2      | Killed Natasha
  1297 | D:2      | Reached XP level 4. HP: 24/24 MP: 7/10
  1677 | D:2      | Noticed Natasha
  1680 | D:2      | Killed Natasha
  1681 | D:2      | Reached skill level 6 in Earth Magic
  1798 | D:3      | You fall into a shaft and drop 2 floors!
  1798 | D:5      | Entered Level 5 of the Dungeon
  1841 | D:5      | Noticed a scorpion
  1846 | D:5      | Killed a scorpion
  1847 | D:5      | Reached XP level 5. HP: 18/28 MP: 5/11
  1923 | D:5      | Learned a level 3 spell: Stone Arrow
  2087 | D:4      | Found an opulent altar of Gozag.
  2176 | D:3      | Reached skill level 7 in Earth Magic
  2360 | D:3      | Found a faded altar of an unknown god.
  2363 | D:3      | Noticed Terence
  2368 | D:3      | Killed Terence
  2855 | D:4      | Reached XP level 6. HP: 32/32 MP: 10/12
  2997 | D:4      | HP: 1/32 [poisoned by a kobold brigand (curare-tipped
                  | dart)]
  2997 | D:4      | Mangled by a kobold brigand

Illustrated notes

Levels and vault maps discovered:
D:1:      dpeg_cavernosity, layout_basic, minmay_ruptured
D:2:      layout_rooms, dk_noncrumbling_4, nicolae_figureground_sparkle,
          uniq_natasha
D:3:      layout_basic, ebering_ecumenical_altar_box, uniq_terence
D:4:      layout_basic, nicolae_gozag_seed_capital, uniq_blork_the_orc,
          uniq_crazy_yiuf_cottage
D:5:      layout_basic

Skill      XL: |  1  2  3  4  5 |
---------------+----------------+-----
Earth Magic    | 4 5 6 7 |  7.4
Dodging        | |  2.4
Stealth        | |  2.4
Spellcasting   | |  3.0
Transmutations | |  1.1

Action                     |  1- 3 |  4- 6 || total
---------------------------+-------+-------++-------
   Cast: Sandblast         |    44 |    54 ||    98
 Armour: Robe              |     1 |    10 ||    11
  Dodge: Dodged            |     9 |     6 ||    15

Table legend: (Time is in decaauts)
 A = Elapsed time spent in this place.
 B = Non-inter-level travel time spent in this place.
 C = Inter-level travel time spent in this place.
 D = Time resting spent in this place.
 E = Time spent auto-exploring this place.
 F = Levels seen in this place.
 G = Mean time per level.
                   A        B        C        D        E       F      G
               +--------+--------+--------+--------+--------+-----+--------+
         Total |   3044 |   2956 |     88 |      0 |   2595 |   5 |  608.8 |
       Dungeon |   3044 |   2956 |     88 |      0 |   2595 |   5 |  608.8 |
               +--------+--------+--------+--------+--------+-----+--------+

Top non-repeatable levels by time:
     D:1: 1064 daAuts
     D:2: 731 daAuts
     D:3: 670 daAuts
     D:4: 445 daAuts
     D:5: 133 daAuts
